 Dungeon Crawl Stone Soup version 0.31-a0-217-g58bb5d79cf (webtiles) character file.

Game seed: 2477608142722614094

50 qw the Shooter (level 3, 0/29 HPs)
             Began as a Minotaur Hexslinger on July 2, 2023.
             Succumbed to an adder's poison
             ... on level 2 of the Dungeon.
             The game lasted 00:00:28 (1092 turns).

qw the Shooter (Minotaur Hexslinger)                Turns: 1092, Time: 00:00:29

Health: 0/29       AC:  3    Str: 12    XL:     3   Next: 55%
Magic:  3/3        EV: 12    Int: 10    God:
Gold:   32         SH:  0    Dex: 14    Spells: 3/4 levels left

rFire   . . .        Y - +1 sling
rCold   . . .        (no shield)
rNeg    . . .        f - +0 leather armour
rPois   .            (helmet restricted)
rElec   .            (no cloak)
rCorr   .            (no gloves)
SInv    .            (no boots)
Will    .....        (no amulet)
Stlth   +            (no ring)
HPRegen 0.24/turn    (no ring)
MPRegen 0.08/turn

%: no passive effects
@: lethally poisoned (0 -> -10)
A: horns 2, retaliatory headbutt
a: no special abilities


You were on level 2 of the Dungeon.
You visited 1 branch of the dungeon, and saw 2 of its levels.

You collected 32 gold pieces.


Innate Abilities, Weirdness & Mutations

You have a pair of horns on your head.
You reflexively headbutt those who attack you in melee.


   Skills:
 - Level 2.0 Fighting
 + Level 4.1 Ranged Weapons
 - Level 2.1 Dodging
 - Level 1.0 Spellcasting
 - Level 2.0 Hexes


You had 3 spell levels left.
You knew the following spells:

 Your Spells              Type           Power      Damage    Failure   Level
a - Slow                  Hex            16%        N/A       19%         1

Your spell library contained the following spells:

 Spells                   Type           Power      Damage    Failure   Level
 Inner Flame              Hex/Fire       2%         N/A       65%         3
 Portal Projectile        Hex/Tloc       4%         N/A       65%         3
 Cause Fear               Hex            2%         N/A       88%         4

Inventory:

Hand Weapons
 Y - a +1 sling (weapon)
Armour
 f - a +0 leather armour (worn)
Scrolls
 a - a scroll of identify
 c - a scroll of teleportation {unknown}
 e - a scroll of enchant armour
Potions
 b - a potion of resistance {unknown}
 g - 3 potions of curing

Dungeon Overview and Level Annotations

Branches:
Dungeon (2/15)

Altars:


Message History

You are more poisoned.
The adder poisons you! The adder closely misses you.
You shoot a sling bullet.
The sling bullet closely misses the adder.
You feel sick. The adder closely misses you.
The adder bites you but does no damage.
You shoot a sling bullet.
The sling bullet hits the adder but does no damage.
You feel sick. The adder bites you.
You are more poisoned.
The adder poisons you!
You shoot a sling bullet. The sling bullet hits the adder.
The adder is heavily wounded.
You feel very sick. The adder misses you. The adder barely misses you.
You shoot a sling bullet.
The sling bullet closely misses the adder.
You feel sick. The adder barely misses you.
You shoot a sling bullet. The sling bullet misses the adder.
You feel sick. The adder barely misses you.
The adder bites you but does no damage.
You shoot a sling bullet.
The sling bullet closely misses the adder.
You feel sick. The adder bites you.
You are more poisoned.
The adder poisons you! The adder closely misses you.
You shoot a sling bullet. The sling bullet hits the adder.
The adder is heavily wounded.
You feel very sick. The adder bites you but does no damage.
You shoot a sling bullet.
The sling bullet barely misses the adder.
You feel sick. The adder bites you. The adder misses you.
You furiously retaliate!
You headbutt the adder. You shoot a sling bullet.
The sling bullet misses the adder.
You feel sick. The adder bites you.
You are more poisoned.
The adder poisons you!
You shoot a sling bullet. The sling bullet misses the adder.
You die...

......# #.# #...... ......# #.#
#...... ......# #.# #......
......##########.# #######
...............#.# #########
.................########........
......#######.#..........<#.#####
......#...................%...###
##.####.######.#@##########.#....
#........<......S...... #.#####
#############.#.####### #.#####
...#.# #.....% ... #.# #######
#### #.# #.# #.#


You could see an adder.

Vanquished Creatures
  An adder (D:2)
  A dart slug (D:1)
  5 endoplasms
  6 goblins
  3 hobgoblins
  2 kobolds (D:1)
  3 ball pythons
  7 bats (D:1)
  3 frilled lizards (D:1)
  7 rats
38 creatures vanquished.

Notes
Turn   | Place    | Note
-------+----------+-------------------------------------------
     0 | D:1      | qw the Minotaur Hexslinger began the quest for the Orb.
     0 | D:1      | Reached XP level 1. HP: 16/16 MP: 1/1
     0 | D:1      | 0 ||| qw: Version: 0.3-a-40-ge99b1a8
     0 | D:1      | 0 ||| qw: Game counter: 50
     0 | D:1      | 0 ||| qw: Melee chars always use a shield: true
     0 | D:1      | 0 ||| qw: God list: Okawaru
     0 | D:1      | 0 ||| qw: Allow faded altars: false
     0 | D:1      | 0 ||| qw: Do Orc after clearing Dungeon:15 true
     0 | D:1      | 0 ||| qw: Do second Lair branch before Depths: true
     0 | D:1      | 0 ||| qw: Lair rune preference: random
     0 | D:1      | 0 ||| qw: Goals: Normal
     0 | D:1      | 0 ||| PLANNING D:1-11
   153 | D:1      | Reached skill level 3 in Ranged Weapons
   171 | D:1      | Reached XP level 2. HP: 23/23 MP: 2/2
   676 | D:1      | Reached XP level 3. HP: 28/29 MP: 3/3
   680 | D:1      | 680 ||| UPGRADING to +0 leather armour.
   690 | D:1      | 690 ||| DROPPING +0 robe.
   691 | D:1      | 691 ||| READING 3 scrolls labelled YKKIREUVING.
   692 | D:1      | 692 ||| READING 2 scrolls labelled FUIREJ MUONYST.
   693 | D:1      | 693 ||| READING 2 scrolls of identify.
   693 | D:1      | 693 ||| IDENTIFYING green potion
   694 | D:1      | 694 ||| DROPPING scroll of poison.
   885 | D:2      | Found a faded altar of an unknown god.
  1021 | D:2      | Reached skill level 4 in Ranged Weapons
  1090 | D:2      | HP: 6/29 [poisoned by an adder]
  1091 | D:2      | HP: 2/29 [adder (2)]
  1092 | D:2      | Succumbed to an adder's poison

Levels and vault maps discovered:
D:1:      dpeg_arrival_leaves_temple_mockup, layout_loops_ring, st_stairs_13,
          minmay_3d_cube
D:2:      layout_basic, shapermc_ecumenical_altar_rom_forum, serial_shops,
          shop_statue

Skill      XL: |  1  2  3 |
---------------+----------+-----
Ranged Weapons | 3 4 |  4.1
Fighting       | 2 |  2.0
Dodging        | |  2.1
Spellcasting   | |  1.0
Hexes          | |  2.0

Action                     || total
---------------------------++-------
   Fire: Sling             ||   121
    Use: Scroll            ||     3
 Armour: Robe              ||     3
         Leather armour    ||    10
  Dodge: Dodged            ||    45

Table legend:
 A = Non-vault XP
 B = Vault XP
 C = Vault XP percentage of total XP
 D = Non-vault monster count
 E = Vault monster count
 F = Vault count percentage of total count
                 A         B        C        D         E       F
            +---------+---------+-------+---------+---------+-------
      Total |      56 |      16 |  22.2 |      29 |       9 |  23.7
            +---------+---------+-------+---------+---------+-------
        D:1 |      26 |      16 |  38.1 |      19 |       9 |  32.1
        D:2 |      30 |       0 |   0.0 |      10 |       0 |   0.0
            +---------+---------+-------+---------+---------+-------
